 Dungeon Crawl Stone Soup version 0.30.1-11-g7821555f0a (webtiles) character file.

Game seed: 9541939111353389738

638 TrippleCore the Shield-Bearer (level 7, 0/63 HPs)
             Began as a Minotaur Fighter on Dec 20, 2023.
             Slain by an ogre
             ... wielding a +0 giant spiked club
              (21 damage)
             ... on level 5 of the Dungeon.
             The game lasted 00:55:54 (3995 turns).

TrippleCore the Shield-Bearer (Minotaur Fighter)    Turns: 3995, Time: 00:55:55

Health: 0/63       AC: 17    Str: 22    XL:     7   Next: 25%
Magic:  6/6        EV:  8    Int:  5    God:
Gold:   212        SH:  5    Dex: 10    Spells: 6/6 levels left

rFire   . . .        a - +0 long sword
rCold   . . .        c - +0 buckler
rNeg    . . .        r - +0 chain mail
rPois   .            (helmet restricted)
rElec   .            (no cloak)
rCorr   .            o - +2 pair of gloves
SInv    .            (no boots)
Will    +....        j - amulet of regeneration Stlth
                     u - +4 ring of protection
HPRegen 1.10/turn    v - ring of willpower
MPRegen 0.10/turn

%: no passive effects
@: no status effects
A: horns 2, retaliatory headbutt
a: no special abilities


You were on level 5 of the Dungeon.
You visited 1 branch of the dungeon, and saw 5 of its levels.

You collected 212 gold pieces.

Inventory:

Hand Weapons
 a - a +0 long sword (weapon)
 h - a +1 dagger of venom
 q - a +4 dagger of flaming
 B - a +5 dagger
Missiles
 i - 5 boomerangs (quivered)
 y - 2 throwing nets
Armour
 c - a +0 buckler (worn)
 o - a +2 pair of gloves (worn)
 r - a +0 chain mail (worn)
Jewellery
 e - an amulet of guardian spirit
 j - an amulet of regeneration (around neck)
 l - a ring of wizardry
 u - a +4 ring of protection (left hand)
 v - a ring of willpower (right hand)
Wands
 d - a wand of polymorph (12)
 s - a wand of acid (11)
 H - a wand of flame (13)
Scrolls
 b - a scroll of amnesia {unknown}
 n - a scroll of fear {unknown}
 t - 3 scrolls of teleportation
 x - a scroll of acquirement {unknown}
 A - a scroll of fog {unknown}
 C - a scroll of magic mapping {unknown}
 D - a scroll of noise {unknown}
 E - 2 scrolls of blinking {unknown}
 F - a scroll of enchant weapon {unknown}
Potions
 f - a potion of flight
 g - 5 potions of heal wounds
 k - a potion of attraction
 m - a potion of resistance
 p - 2 potions of invisibility
 w - 2 potions of ambrosia
 z - 2 potions of curing {unknown}
 G - 4 potions of brilliance {unknown}


   Skills:
 + Level 6.0 Fighting
 + Level 5.1 Long Blades
 + Level 5.9 Armour
 + Level 6.0 Shields


You had 6 spell levels left.
You didn't know any spells.
Your spell library was empty.

Dungeon Overview and Level Annotations

Branches:
Dungeon (5/15)
 Temple: D:4-7

Altars:
Ashenzari
Cheibriados
Dithmenos
Ru
Vehumet
The Shining One

Annotations:
D:3 2 runed translucent doors, Peloso's ghost, amateur MiFi


Innate Abilities, Weirdness & Mutations

You have a pair of horns on your head.
You reflexively headbutt those who attack you in melee.


Message History

You kill the centaur!
Your Fighting skill increases to level 6!
Your Shields skill increases to level 6!
You see here a +0 shortbow.
H - a wand of flame (13)
You see here 5 stones.
There is an open door here.
You now have 184 gold pieces (gained 14).
You now have 202 gold pieces (gained 18).
You open the door.
There is an open door here.
You now have 212 gold pieces (gained 10).
You open the door.
Found a stone staircase leading down.
There is an open door here.
You open the door.
An orc wizard, 3 orcs and an ogre come into view.
The orc wizard shouts!
The orc shouts! x2; You hear a shout!
The orc wizard points at you and mumbles some strange words.
You resist with almost no effort. The ogre attacks as you move away!
The ogre barely misses you.
The orc wizard casts a spell.
The orc wizard flickers and vanishes!
Deactivating autopickup; reactivate with Ctrl-A.
The ogre attacks as you move away! The ogre hits you but does no damage.
There is an open door here.
You barely miss the ogre. Your headbutt misses the ogre.
The ogre hits you with a +0 giant spiked club!!
You hit the ogre.
The ogre is lightly wounded.
The ogre hits you with a +0 giant spiked club!
You open the door.
The ogre hits you with a +0 giant spiked club!!
You feel much better.
You hit the ogre but do no damage. You headbutt the ogre!
The ogre is moderately wounded.
The ogre hits you with a +0 giant spiked club!!
The ogre attacks as you move away!
The ogre hits you with a +0 giant spiked club!!
You die...

######################.....#
.....................'o>...#
#############......o##.....#
#.#####.##.....# ###.#
#.##.....# #.... #.##.....#
#.... #.##.....#
#....####o###o#### ######
#....'@O{........ #....##
#....#####.##.### '.....#
#... .##.# #.....## #..
.##oo #####..# ## .##.#
######.### .##.# #...##...#
### .# #...####.# #.#####.
#. #...# #.#####.##... ....


You could see an ogre and 2 orcs.

Vanquished Creatures
  Duvessa (D:4)
  A centaur (D:5)
  A scorpion (D:5)
  Dowan (D:4)
  An iguana (D:4)
  2 orc wizards (D:3)
  Ijyb (D:4)
  Robin (D:4)
  4 gnolls (D:5)
  7 adders
  An ufetubus (D:5)
  4 worms
  17 orcs
  5 ball pythons
  6 bats
  5 endoplasms
  5 giant cockroaches
  11 goblins
  11 hobgoblins
  8 jackals (D:1)
  2 quokkas (D:4)
  2 frilled lizards (D:1)
  6 kobolds
  6 rats
109 creatures vanquished.

Vanquished Creatures (others)
  An orc wizard (D:3)
1 creature vanquished.

Grand Total: 110 creatures vanquished

Notes
Turn   | Place    | Note
-------+----------+-------------------------------------------
     0 | D:1      | TrippleCore the Minotaur Fighter began the quest for the
                  | Orb.
     0 | D:1      | Reached XP level 1. HP: 19/19 MP: 0/0
   110 | D:1      | Reached XP level 2. HP: 27/27 MP: 1/1
   736 | D:2      | Reached XP level 3. HP: 33/33 MP: 2/2
  1472 | D:3      | Reached XP level 4. HP: 22/41 MP: 3/3
  1716 | D:3      | Reached XP level 5. HP: 29/47 MP: 4/4
  1894 | D:3      | Found a runed translucent door.
  1895 | D:3      | Noticed Peloso's ghost (amateur MiFi)
  1927 | D:3      | Found a sacrificial altar of Ru.
  1927 | D:3      | Found a snail-covered altar of Cheibriados.
  1928 | D:3      | Found a glowing golden altar of the Shining One.
  1970 | D:3      | Found a runed translucent door.
  2033 | D:3      | Found a radiant altar of Vehumet.
  2033 | D:3      | Found a shadowy altar of Dithmenos.
  2372 | D:4      | Noticed Ijyb
  2387 | D:4      | Killed Ijyb
  2419 | D:4      | Reached skill level 5 in Armour
  2419 | D:4      | Reached skill level 5 in Shields
  2420 | D:4      | Reached skill level 5 in Fighting
  2705 | D:4      | Noticed Duvessa
  2705 | D:4      | Noticed Dowan
  2710 | D:4      | Killed Dowan
  2711 | D:4      | Reached XP level 6. HP: 56/56 MP: 5/5
  2724 | D:4      | Killed Duvessa
  2727 | D:4      | Found a broken altar of Ashenzari.
  2759 | D:4      | Noticed Robin
  2775 | D:4      | Killed Robin
  3375 | D:5      | Entered Level 5 of the Dungeon
  3564 | D:5      | Reached XP level 7. HP: 48/62 MP: 6/6
  3667 | D:5      | Reached skill level 5 in Long Blades
  3995 | D:5      | Slain by an ogre

Illustrated notes

Levels and vault maps discovered:
D:1:      minmay_arrival_five_plusses, layout_loops_ring
D:2:      layout_basic, st_stairs_4
D:3:      layout_loops_ring, nicolae_overflow_hidden_temple,
          ebering_ghost_sewer_f, chequers_garden, item_on_display_a
D:4:      layout_basic, mainiacjoe_overflow_tiny_flanked, uniq_duvessa,
          uniq_robin, uniq_ijyb
D:5:      layout_basic

Skill      XL: |  1  2  3  4  5  6  7 |
---------------+----------------------+-----
Fighting       | 4 5 6 |  6.0
Shields        | 4 5 6 |  6.0
Armour         | 4 5 |  5.9
Long Blades    | 3 4 5 |  5.1

Action                     |  1- 3 |  4- 6 |  7- 9 || total
---------------------------+-------+-------+-------++-------
  Melee: Long sword        |   153 |   181 |    26 ||   360
         Headbutt          |    19 |    38 |     5 ||    62
    Use: Scroll            |       |     9 |       ||     9
         Potion            |       |     1 |     1 ||     2
 Armour: Scale mail        |    70 |     1 |       ||    71
         Chain mail        |       |   116 |    24 ||   140
  Dodge: Dodged            |    43 |    51 |    13 ||   107
  Block: Buckler           |    28 |    41 |     6 ||    75
